 Dungeon Crawl Stone Soup version 0.26-a0-778-g3fe0686644 (webtiles) character file.

Game seed: 14064061288845492366

294 lunkers the Ducker (level 6, -1/39 HPs)
             Began as a Kobold Hunter on Nov 9, 2020.
             Was an Initiate of Ru.
             Slain by an ogre
             ... wielding a +0 giant spiked club
              (17 damage)
             ... on level 4 of the Dungeon.
             The game lasted 00:04:40 (3334 turns).

lunkers the Ducker (Kobold Hunter)                  Turns: 3334, Time: 00:04:41

Health: -1/39      AC:  5    Str: 10    XL:     6   Next: 60%
Magic:  6/6        EV: 17    Int: 12    God:    Ru [......]
Gold:   194        SH:  0    Dex: 17    Spells: 5/5 levels left

rFire    + . .     SeeInvis .   a - +1 hand crossbow
rCold    . . .     Faith    .   (shield restricted)
rNeg     . . .     Spirit   .   r - +2 leather armour {rF+}
rPois    .         Reflect  .   (no helmet)
rElec    .         Harm     .   (no cloak)
rCorr    .         Rampage  .   (no gloves)
MR       .....                  (no boots)
Stlth    +++.......             (no amulet)
HPRegen  0.13/turn              (no ring)
MPRegen  0.10/turn              (no ring)

@: no status effects
A: small, nightstalker 3
a: Renounce Religion


You were on level 4 of the Dungeon.
You worshipped Ru.
Ru was noncommittal.
You visited 1 branch of the dungeon, and saw 4 of its levels.

You collected 194 gold pieces.

Inventory:

Hand Weapons
 a - a +1 hand crossbow (weapon)
 b - a +0 short sword
Missiles
 d - 6 bolts (quivered)
Armour
 c - a +0 leather armour
 j - a +0 buckler
 r - a +2 leather armour of fire resistance (worn)
Jewellery
 g - an uncursed ring of fire
 s - an uncursed ring of flight {unknown}
Scrolls
 e - a scroll of teleportation {unknown}
 h - 3 scrolls of identify {unknown}
 k - 3 scrolls of remove curse {unknown}
 l - a scroll of immolation {unknown}
 n - a scroll of magic mapping {unknown}
 o - a scroll of random uselessness {unknown}
 t - a scroll of fear {unknown}
Potions
 f - a potion of mutation {unknown}
 i - a potion of might {unknown}
 m - 2 potions of heal wounds {unknown}
 p - a potion of degeneration {unknown}
 q - a potion of lignification {unknown}


   Skills:
 + Level 4.6 Fighting
 * Level 3.7 Short Blades
 - Level 4.8 Crossbows
 + Level 5.1 Dodging
 - Level 1.3 Stealth


You had 5 spell levels left.
You didn't know any spells.
Your spell library was empty.

Dungeon Overview and Level Annotations

Branches:
Dungeon (4/15)
 Temple: D:4-7

Altars:
Qazlal
Ru
Sif Muna
Yredelemnul


Innate Abilities, Weirdness & Mutations

You are small and have problems with some larger weapons.
You are completely attuned to the shadows.


Message History

The ogre hits you with a +0 giant spiked club.
* * * LOW HITPOINT WARNING * * *
The gnoll barely misses you. The gnoll hits you but does no damage.
You hit the gnoll.
The gnoll is severely wounded.
The ogre misses you. The gnoll closely misses you. The gnoll misses you.
You hit the gnoll.
You kill the gnoll!
The gnoll closely misses you.
Things that are here:
a +0 whip; a gnoll corpse
a - a +1 hand crossbow (weapon)
The ogre barely misses you.
Firing (i - inventory)
d - 7 bolts (quivered)
Press: ? - help, Shift-Dir - straight line, f - ogre
Aim: an ogre, wielding a +0 giant spiked club (moderately wounded)
You shoot a bolt. The bolt hits the ogre!
The ogre is severely wounded.
The ogre hits you with a +0 giant spiked club!
You die...

#.# #<#.# #.#
#)#.# #.# #.#.#
#.# #.#.# #.#.#
#.#.#
#.#.#####.#.#
#.#.......#.#
#.#.#########.#
..^.ggO@......#
#.#.###########
#. #g #.


You could see an ogre and 2 gnolls.

Vanquished Creatures
  A centaur (D:4)
  An orc priest (D:3)
  An orc wizard (D:3)
  A gnoll (D:4)
  5 adders (D:2)
  An ufetubus (D:2)
  2 oozes
  4 worms
  2 leopard geckos
  9 orcs
  2 giant cockroaches
  7 goblins
  8 hobgoblins
  4 jackals (D:3)
  2 ball pythons
  11 bats
  8 kobolds
  10 rats
  A spectral orc (D:3)
80 creatures vanquished.

Vanquished Creatures (others)
  Sigmund (D:3)
  A goblin (D:3)
2 creatures vanquished.

Grand Total: 82 creatures vanquished

Notes
Turn   | Place    | Note
-------+----------+-------------------------------------------
     0 | D:1      | lunkers the Kobold Hunter began the quest for the Orb.
     0 | D:1      | Reached XP level 1. HP: 12/12 MP: 1/1
   221 | D:1      | Reached XP level 2. HP: 18/18 MP: 2/2
   275 | D:1      | Reached skill level 3 in Dodging
   588 | D:1      | Reached XP level 3. HP: 23/23 MP: 3/3
  1044 | D:2      | Reached XP level 4. HP: 24/28 MP: 4/4
  1085 | D:2      | Found a faded altar of an unknown god.
  1148 | D:2      | Reached skill level 4 in Dodging
  1300 | D:2      | Reached XP level 5. HP: 30/33 MP: 5/5
  1923 | D:3      | Reached skill level 1 in Short Blades
  2066 | D:3      | Noticed Sigmund
  2211 | D:3      | Found a stormy altar of Qazlal.
  2230 | D:3      | Found a sacrificial altar of Ru.
  2230 | D:3      | Found a shimmering blue altar of Sif Muna.
  2521 | D:3      | Found a basalt altar of Yredelemnul.
  2781 | D:3      | Killed Sigmund
  2841 | D:3      | Became a worshipper of Ru the Awakened
  3072 | D:3      | Reached XP level 6. HP: 35/39 MP: 6/6
  3166 | D:4      | Reached skill level 5 in Dodging
  3316 | D:4      | Noticed an ogre
  3334 | D:4      | Slain by an ogre

Illustrated notes

Levels and vault maps discovered:
D:1:      elethiomel_arrival_diamonds, layout_basic, minmay_unequal
D:2:      layout_rooms, chequers_ecumenical_altar_simple
D:3:      layout_rooms, yredelemnul_forgotten_temple_becter,
          grunt_qazlal_clouds, chequers_temple_overflow_statue_of_worship,
          uniq_sigmund
D:4:      layout_basic, zin_academy, gup_ossuary_entry_pyramid, uniq_menkaure

Skill      XL: |  1  2  3  4  5  6 |
---------------+-------------------+-----
Dodging        | 3 4 5 |  5.1
Fighting       | 3 4 |  4.6
Short Blades   | 2 3 |  3.7
Crossbows      | |  4.8
Stealth        | |  1.3

Action                   |  1- 3 |  4- 6 || total
-------------------------+-------+-------++-------
Melee: Short sword       |       |   182 ||   182
 Fire: Hand crossbow     |    71 |    39 ||   110
 Stab: Sleeping          |       |     5 ||     5
Armor: Leather armour    |     8 |    32 ||    40
Dodge: Dodged            |    20 |   183 ||   203

Table legend: (Time is in decaauts)
 A = Elapsed time spent in this place.
 B = Non-inter-level travel time spent in this place.
 C = Inter-level travel time spent in this place.
 D = Time resting spent in this place.
 E = Time spent auto-exploring this place.
 F = Levels seen in this place.
 G = Mean time per level.
                   A        B        C        D        E       F      G
               +--------+--------+--------+--------+--------+-----+--------+
         Total |   3368 |   3230 |    138 |    175 |   2427 |   4 |  842.0 |
       Dungeon |   3368 |   3230 |    138 |    175 |   2427 |   4 |  842.0 |
               +--------+--------+--------+--------+--------+-----+--------+

Top non-repeatable levels by time:
     D:3: 1144 daAuts
     D:1: 990 daAuts
     D:2: 958 daAuts
     D:4: 275 daAuts
